 Dungeon Crawl Stone Soup version 0.27-a0-277-g024f7ef292 (webtiles) character file.

Game seed: 17195756691439247844

98 hatsuma the Grave Robber (level 4, -1/44 HPs)
             Began as an Ogre Necromancer on Feb 5, 2021.
             Hit by a boomerang thrown by an orc (4 damage)
             ... on level 3 of the Dungeon.
             The game lasted 00:17:45 (3173 turns).

hatsuma the Grave Robber (Ogre Necromancer)         Turns: 3173, Time: 00:17:46

Health: -1/44      AC:  4    Str: 13    XL:     4   Next: 71%
Magic:  1/7        EV:  9    Int: 16    God:
Gold:   45         SH:  0    Dex:  5    Spells: 2/7 levels left

rFire    . . .     SeeInvis .   l - +0 mace
rCold    . . .     Faith    .   (no shield)
rNeg     . . .     Spirit   .   a - +1 robe
rPois    .         Reflect  .   (helmet restricted)
rElec    .         Harm     .   (no cloak)
rCorr    .         Rampage  .   (gloves unavailable)
Will     .....                  (boots unavailable)
Stlth    +.........             (no amulet)
HPRegen  0.14/turn              k - -4 ring of dexterity (curse)
MPRegen  0.10/turn              (no ring)

@: no status effects
A: large, unfitting armour, tough skin 1
a: no special abilities


You were on level 3 of the Dungeon.
You visited 1 branch of the dungeon, and saw 3 of its levels.

You collected 45 gold pieces.

Inventory:

Hand Weapons
 l - a +0 mace (weapon)
Missiles
 f - 55 stones
Armour
 a - a +1 robe (worn)
 n - a +0 tower shield
Jewellery
 k - a cursed -4 ring of dexterity (left hand)
Scrolls
 g - 2 scrolls of immolation
 j - a scroll of teleportation
Potions
 b - a potion of ambrosia
 c - a potion of resistance
 d - a potion of might
 e - a potion of haste {unknown}
 h - a potion of magic {unknown}
 i - a potion of invisibility {unknown}
 m - a potion of berserk rage {unknown}
 o - a potion of flight {unknown}


   Skills:
 - Level 2.6 Fighting
 + Level 3.2 Maces & Flails
 - Level 1.7 Dodging
 - Level 1.4 Stealth
 - Level 2.4 Spellcasting
 - Level 3.6 Necromancy


You had 2 spell levels left.
You knew the following spells:

 Your Spells              Type           Power        Failure   Level
a - Pain                  Necr           52%          4%          1
b - Animate Skeleton      Necr           26%          4%          1
c - Vampiric Draining     Necr           6%           14%         3

Your spell library contained the following spells:

 Spells                   Type           Power        Failure   Level
 Animate Dead             Necr           6%           41%         4
 Agony                    Necr           13%          77%         5


Dungeon Overview and Level Annotations

Branches:
Dungeon (3/15)

Altars:

Annotations:
D:2 1 runed translucent door, Crazy Yiuf
D:3 Jessica


Innate Abilities, Weirdness & Mutations

You are too large for most types of armour.
You have tough skin. (AC +1)


Message History

The orc is almost dead.
You feel life coursing into your body.
Your surroundings suddenly seem different.
The orc shouts! x4
The orc hits you with a +0 mace.
* * * LOW HITPOINT WARNING * * *
The orc hits you but does no damage.
A hobgoblin comes into view. It is wielding a +0 club.
Found an escape hatch in the ceiling.
Found a stone staircase leading down.
Casting: Vampiric Draining (dangerous; 14% risk of failure)
Confirm with . or Enter, or press ? or * to list all spells.
Aiming: Vampiric Draining (dangerous; 14% risk of failure)
Press: ? - help, Shift-Dir - straight line, f - orc
Aim: an orc, wielding a +0 mace and wearing a +0 ring mail You kill the orc!
You feel life coursing into your body. The orc closely misses you.
The orc hits you with a +0 hand axe.
* * * LOW HITPOINT WARNING * * *
The orc throws a boomerang.
The boomerang hits you.
You die...

.....#.....
...........
#.)..#..# #.
#....# ##.#####
###.######......##
o.o.# #....)...##
##### #.......g..#
## #......oo..# .#
#..>...o.@.# .#
#..........# .#
#.........<# .#
##........## .#
.......... #
..........
.........
.........#


You could see 3 orcs and a hobgoblin.

Vanquished Creatures
  2 adders (D:2)
  An ooze (D:1)
  3 worms
  A dart slug (D:2)
  A leopard gecko (D:2)
  3 orcs
  6 bats
  3 giant cockroaches
  3 goblins
  12 hobgoblins
  7 jackals
  7 frilled lizards
  3 kobolds (D:1)
  6 rats
58 creatures vanquished.

Notes
Turn   | Place    | Note
-------+----------+-------------------------------------------
     0 | D:1      | hatsuma the Ogre Necromancer began the quest for the Orb.
     0 | D:1      | Reached XP level 1. HP: 16/16 MP: 3/3
    40 | D:1      | Reached skill level 1 in Fighting
   457 | D:1      | Reached XP level 2. HP: 15/28 MP: 0/5
   459 | D:1      | Learned a level 1 spell: Animate Skeleton
   925 | D:1      | Reached skill level 1 in Maces & Flails
   925 | D:1      | Reached XP level 3. HP: 35/36 MP: 4/6
  1408 | D:1      | Learned a level 3 spell: Vampiric Draining
  1431 | D:2      | Noticed an orc warrior
  2179 | D:2      | Reached XP level 4. HP: 28/44 MP: 4/7
  3009 | D:2      | Found a runed translucent door.
  3010 | D:2      | Noticed Crazy Yiuf
  3062 | D:3      | Noticed Jessica
  3168 | D:3      | HP: 2/44 [orc/+0 mace (7)]
  3173 | D:3      | Hit by a boomerang thrown by an orc

Illustrated notes

Levels and vault maps discovered:
D:1:      dpeg_arrival_tiny_g, layout_basic
D:2:      layout_loops_ring, kennysheep_generic_room_4, uniq_crazy_yiuf_cottage
D:3:      layout_rooms, chequers_ecumenical_altar_twisty, patterned_corridor,
          uniq_jessica

Skill      XL: |  1  2  3  4 |
---------------+-------------+-----
Fighting       | 2 |  2.6
Maces & Flails | 1 2 3 |  3.2
Dodging        | |  1.7
Stealth        | |  1.4
Spellcasting   | |  2.4
Necromancy     | |  3.6

Action                   |  1- 3 |  4- 6 || total
-------------------------+-------+-------++-------
Melee: Unarmed           |    20 |       ||    20
       Spear             |    20 |       ||    20
       Whip              |    99 |     5 ||   104
       Mace              |       |    53 ||    53
 Cast: Pain              |    38 |    14 ||    52
       Animate Skeleton  |     1 |       ||     1
       Vampiric Draining |       |     2 ||     2
  Use: Scroll            |     5 |     3 ||     8
 Stab: Sleeping          |     4 |     1 ||     5
Armor: Robe              |    53 |    23 ||    76
Dodge: Dodged            |    91 |    32 ||   123

Table legend: (Time is in decaauts)
 A = Elapsed time spent in this place.
 B = Non-inter-level travel time spent in this place.
 C = Inter-level travel time spent in this place.
 D = Time resting spent in this place.
 E = Time spent auto-exploring this place.
 F = Levels seen in this place.
 G = Mean time per level.
                   A        B        C        D        E       F      G
               +--------+--------+--------+--------+--------+-----+--------+
         Total |   3192 |   3074 |    118 |   1348 |    248 |   3 | 1064.0 |
       Dungeon |   3192 |   3074 |    118 |   1348 |    248 |   3 | 1064.0 |
               +--------+--------+--------+--------+--------+-----+--------+

Top non-repeatable levels by time:
     D:1: 1974 daAuts
     D:2: 1099 daAuts
     D:3: 118 daAuts
